 Dungeon Crawl Stone Soup version 0.31-a0-161-gb58dd9be76 (webtiles) character file.

Game seed: 11668898356962160135

254 frimble the Ruffian (level 6, 0/39 HPs)
             Began as an Octopode Warper on June 12, 2023.
             Slain by an orc
             ... wielding a +0 flail
              (5 damage)
             ... on level 3 of the Dungeon.
             The game lasted 00:04:26 (2633 turns).

frimble the Ruffian (Octopode Warper)               Turns: 2633, Time: 00:04:26

Health: 0/39       AC:  1    Str: 12    XL:     6   Next: 14%
Magic:  9/9        EV: 13    Int: 16    God:
Gold:   181        SH:  0    Dex: 11    Spells: 3/9 levels left

rFire   . .          .
                       - Unarmed
rCold   . . .        (no shield)
rNeg    . . .        (helmet restricted)
rPois   .            (no amulet)
rElec   .            (no ring)
rCorr   .            (no ring)
SInv    .            (no ring)
Will    .....        (no ring)
Stlth   ++           (no ring)
HPRegen 0.26/turn    (no ring)
MPRegen 0.11/turn    (no ring)
                     (no ring)

%: no passive effects
@: lethally poisoned (0 -> -6)
A: almost no armour, amphibious, 8 rings, camouflage 1, gelatinous body 1,
(nimble swimmer 1), tentacles
a: no special abilities


You were on level 3 of the Dungeon.
You visited 1 branch of the dungeon, and saw 4 of its levels.

You collected 181 gold pieces.

Inventory:

Missiles
 b - 7 boomerangs of dispersal
 i - 3 silver boomerangs
Scrolls
 a - a scroll of brand weapon {unknown}
 c - 2 scrolls of teleportation
 f - a scroll of enchant armour {unknown}
 g - a scroll of poison
Potions
 e - a potion of invisibility
 h - a potion of lignification {unknown}


   Skills:
 - Level 2.0 Fighting
 - Level 1.0 Throwing
 - Level 2.3 Dodging
 + Level 5.9 Unarmed Combat
 - Level 2.0 Spellcasting
 - Level 3.0 Translocations
 + Level 1.8 Ice Magic


You had 3 spell levels left.
You knew the following spells:

 Your Spells              Type           Power      Damage    Failure   Level
a - Blink                 Tloc           22%        N/A       9%          2
b - Apportation           Tloc           22%        N/A       6%          1
c - Frozen Ramparts       Ice            14%        1d3       30%         3

Your spell library contained the following spells:

 Spells                   Type           Power      Damage    Failure   Level
 Lesser Beckoning         Tloc           22%        N/A       9%          2
 Teleport Other           Tloc           11%        N/A       19%         3
 Necrotise                Necr           4%         1d4       21%         1
 Slow                     Hex            4%         N/A       21%         1
 Summon Small Mammal      Summ           4%         N/A       21%         1
 Vhi's Electric Charge    Tloc/Air       12%        N/A       32%         3
 Confusing Touch          Hex            1%         N/A       52%         3
 Vampiric Draining        Necr           1%         2d6       52%         3
 Manifold Assault         Tloc           11%        N/A       52%         4
 Ice Form                 Ice/Tmut       4%         N/A       82%         4
 Summon Ice Beast         Ice/Summ       4%         N/A       82%         4


Dungeon Overview and Level Annotations

Branches:
Dungeon (4/15)
 Temple: D:4-7

Altars:
Okawaru
Xom

Shops:
D:1 !   D:3 (


Innate Abilities, Weirdness & Mutations

You cannot wear most types of armour.
You are amphibious.
You can wear up to eight rings at the same time.
Your skin changes colour to match your surroundings (Stealth+).
Your rubbery body absorbs attacks. (AC +1, EV +1)
((You are camouflaged when in or above water. (Stealth+)))
You have tentacles for arms and can constrict up to eight enemies at once.


Message History

The adder closely misses you. The orc hits you with a +0 flail.
You climb upwards.
There is a stone staircase leading down here.
You are too injured to fight recklessly!
You are too injured to fight recklessly!
You are too injured to fight recklessly!
You are too injured to fight recklessly!
You are too injured to fight recklessly!
You are too injured to fight recklessly!
You are too injured to fight recklessly!
You are too injured to fight recklessly!
You are too injured to fight recklessly!
You tentacle-slap the adder. Your grab misses the adder.
The adder is lightly wounded.
The adder barely misses you. The orc closely misses you.
You closely miss the adder. Your grab misses the adder.
The adder is lightly wounded.
The adder closely misses you.
You barely miss the adder. Your grab misses the adder.
The adder is lightly wounded.
The adder bites you.
You are poisoned.
The adder poisons you! The orc misses you. The adder misses you.
You tentacle-slap the adder. Your grab misses the adder.
The adder is severely wounded.
You feel sick. The orc closely misses you. The adder bites you.
You are more poisoned.
The adder poisons you!
You barely miss the adder. Your grab misses the adder.
The adder is severely wounded.
You feel very sick. The orc hits you with a +0 flail!
* * * LOW HITPOINT WARNING * * *
The adder misses you.
You barely miss the adder. Your grab misses the adder.
The adder is severely wounded.
* * * LOW HITPOINT WARNING * * *
You feel sick. The adder bites you but does no damage.
The orc hits you with a +0 flail.
You die...

......##.....#.#####.#...#.##.#..
....####.....#.............#..#..
....# #........#.......#..#.....
....# #........#.#........#.....
....# #..........#....#.........
....# ###........'....#.#.#.##..
##### #........#......#.#.....
#####........#.#.#..........
#....).....@S#.#.#..........
#......###..o#.#...........#
#......# #...#####.##.....##
#####......# #...##.............
#...#......# #...##....######.##
#.......)..########....######...
##..............................#
.......###...........#.......<..#
.....[...............#..........#


You could see an adder and an orc.

Vanquished Creatures
  A scorpion (D:4)
  A hound (D:3)
  An iguana (D:4)
  4 gnolls
  3 adders
  An ufetubus (D:2)
  3 worms
  3 dart slugs
  4 bats
  5 endoplasms
  A giant cockroach (D:3)
  4 goblins
  4 hobgoblins
  4 jackals (D:4)
  5 kobolds
  5 quokkas
  4 ball pythons
  3 frilled lizards
  4 rats
60 creatures vanquished.

Vanquished Creatures (others)
  An iguana (D:4)
  An adder (D:4)
  An orc (D:4)
  A goblin (D:4)
4 creatures vanquished.

Grand Total: 64 creatures vanquished

Notes
Turn   | Place    | Note
-------+----------+-------------------------------------------
     0 | D:1      | frimble the Octopode Warper began the quest for the Orb.
     0 | D:1      | Reached XP level 1. HP: 14/14 MP: 3/3
   115 | D:1      | Found Buraig's Distillery.
   299 | D:1      | Reached XP level 2. HP: 15/19 MP: 5/5
   507 | D:2      | Reached skill level 3 in Unarmed Combat
   550 | D:2      | Reached XP level 3. HP: 24/24 MP: 6/6
   587 | D:2      | Learned a level 2 spell: Blink
   760 | D:2      | Found an iron altar of Okawaru.
   956 | D:2      | Reached skill level 4 in Unarmed Combat
  1040 | D:2      | Found a faded altar of an unknown god.
  1150 | D:3      | Reached XP level 4. HP: 29/29 MP: 7/7
  1608 | D:3      | Learned a level 1 spell: Apportation
  1646 | D:3      | Reached skill level 5 in Unarmed Combat
  1729 | D:3      | Reached XP level 5. HP: 30/34 MP: 8/8
  1837 | D:3      | Found Dekou's Weapon Emporium.
  2102 | D:3      | Learned a level 3 spell: Frozen Ramparts
  2284 | D:4      | Reached skill level 1 in Ice Magic
  2284 | D:4      | Reached XP level 6. HP: 15/39 MP: 9/9
  2479 | D:4      | Found a shimmering altar of Xom.
  2633 | D:3      | Slain by an orc

Illustrated notes

Levels and vault maps discovered:
D:1:      moated_graveyard_arrival, layout_basic, serial_shops, shop
D:2:      minmay_chambers_of_twos, layout_rooms,
          shapermc_ecumenical_altar_ellora, basic_altar
D:3:      layout_basic, serial_shops, shop, nicolae_grassy_gnolls
D:4:      layout_loops_ring, xom_confusion_cloud, uniq_natasha

Skill      XL: |  1  2  3  4  5 |
---------------+----------------+-----
Unarmed Combat | 3 4 5 |  5.9
Ice Magic      | 1 |  1.8
Fighting       | |  2.0
Throwing       | |  1.0
Dodging        | |  2.3
Spellcasting   | |  2.0
Translocations | |  3.0

Action                     |  1- 3 |  4- 6 || total
---------------------------+-------+-------++-------
  Melee: Unarmed           |    64 |    95 ||   159
         Constrict         |    22 |    22 ||    44
         Tentacles         |    15 |    15 ||    30
         Punch             |     2 |     2 ||     4
  Throw: Boomerang         |       |    10 ||    10
         Throwing net      |       |     1 ||     1
   Cast: Blink             |       |     4 ||     4
         Frozen Ramparts   |       |     1 ||     1
    Use: Scroll            |     5 |     3 ||     8
         Potion            |       |     2 ||     2
   Stab: Sleeping          |     5 |     1 ||     6
         Distracted        |       |     1 ||     1
 Armour: Skin              |     7 |     7 ||    14
  Dodge: Dodged            |    29 |    97 ||   126

Table legend: (Time is in decaauts)
 A = Elapsed time spent in this place.
 B = Non-inter-level travel time spent in this place.
 C = Inter-level travel time spent in this place.
 D = Time resting spent in this place.
 E = Time spent auto-exploring this place.
 F = Levels seen in this place.
 G = Mean time per level.
                   A        B        C        D        E       F      G
               +--------+--------+--------+--------+--------+-----+--------+
         Total |   2626 |   2582 |     44 |      0 |   2067 |   4 |  656.5 |
       Dungeon |   2626 |   2582 |     44 |      0 |   2067 |   4 |  656.5 |
               +--------+--------+--------+--------+--------+-----+--------+

Top non-repeatable levels by time:
     D:3: 1005 daAuts
     D:2: 831 daAuts
     D:1: 469 daAuts
     D:4: 320 daAuts
